 Dungeon Crawl Stone Soup version 0.26-a0-597-gb535b0901c (webtiles) character file.

Game seed: 1600060532496258604

2 Lanoc the Skirmisher (level 1, -8/15 HPs)
             Began as a Halfling Wanderer on Aug 28, 2020.
             Mangled by a gnoll
             ... wielding a +0 flail
              (10 damage)
             ... on level 1 of the Dungeon.
             The game lasted 00:00:25 (67 turns).

Lanoc the Skirmisher (Halfling Wanderer)              Turns: 67, Time: 00:00:25

Health: -8/15      AC:  2    Str: 11    XL:     1   Next: 44%
Magic:  2/2        EV: 13    Int: 10    God:
Gold:   9          SH:  0    Dex: 15    Spells: 1/2 levels left

rFire    . . .     SeeInvis .   a - +2 dagger
rCold    . . .     Faith    .   (shield restricted)
rNeg     . . .     Spirit   .   e - +0 robe
rPois    .         Reflect  .   (no helmet)
rElec    .         Harm     .   (no cloak)
rCorr    .                      (no gloves)
MR       .....                  (no boots)
Stlth    ++........             (no amulet)
HPRegen  0.05/turn              (no ring)
MPRegen  0.08/turn              (no ring)

@: no status effects
A: small, mutation resistance 1
a: no special abilities


You were on level 1 of the Dungeon.
You visited 1 branch of the dungeon, and saw 1 of its levels.

You collected 9 gold pieces.

Inventory:

Hand Weapons
 a - a +2 dagger (weapon)
 d - a +0 falchion
Armour
 e - a +0 robe (worn)
Scrolls
 b - a scroll of blinking
 c - a scroll of teleportation {unknown}
Potions
 f - a potion of brilliance {unknown}


   Skills:
 + Level 2.8 Fighting
 - Level 1.0 Long Blades
 - Level 2.0 Throwing
 + Level 0.4 Dodging
 - Level 1.1 Stealth
 - Level 1.0 Spellcasting
   Level 2.0 Fire Magic


You had one spell level left.
You knew the following spells:

 Your Spells              Type           Power        Failure   Level
a - Summon Small Mammal   Summ           #...         34%         1

Your spell library contained the following spells:

 Spells                   Type           Power        Failure   Level
 Summon Guardian Golem    Hex/Summ       #.......     71%         3


Dungeon Overview and Level Annotations

Branches:
Dungeon (1/15)

Altars:


Innate Abilities, Weirdness & Mutations

You are small and have problems with some larger weapons.
You are somewhat resistant to further mutation.


Message History

You closely miss the gnoll.
The gnoll is moderately wounded.
You hit the gnoll.
The gnoll is heavily wounded.
The gnoll hits you with a +0 flail!
Ouch! That really hurt!
You are too injured to fight recklessly!
You are too injured to fight recklessly!
You closely miss the gnoll.
The gnoll is heavily wounded.
The gnoll hits you with a +0 flail.
* * * LOW HITPOINT WARNING * * *
You hit the gnoll but do no damage.
The gnoll is heavily wounded.
The gnoll barely misses you.
You hit the gnoll.
The gnoll is almost dead.
The gnoll hits you with a +0 flail!
Ouch! That really hurt!
You die...

# # #.# #. #####
#...#.###...###
#........$.....
...#.g@#.#.#######
#..................
#.#####.#........#
#.#........#
#..........#
####.......###
#...(...'.#
#.......#.#####
####+#+##.#....


You could see a gnoll.

Vanquished Creatures
  A ball python (D:1)
  A frilled lizard (D:1)
  A kobold (D:1)
3 creatures vanquished.

Notes
Turn   | Place    | Note
-------+----------+-------------------------------------------
     0 | D:1      | Lanoc the Halfling Wanderer began the quest for the Orb.
     0 | D:1      | Lanoc set off with the following items: a +2 dagger, a
                  | scroll of blinking, a +0 falchion, a +0 robe; and the
                  | following spell memorised: Summon Small Mammal; and the
                  | following spells available to memorise: Summon Guardian
                  | Golem
     0 | D:1      | Reached XP level 1. HP: 15/15 MP: 2/2
    67 | D:1      | Mangled by a gnoll

Illustrated notes

Levels and vault maps discovered:
D:1:      nzn_arrival_water_spiral, layout_basic

Action                   || total
-------------------------++-------
Melee: Dagger            ||    13
Armor: Robe              ||     1
Dodge: Dodged            ||     8

Table legend: (Time is in decaauts)
 A = Elapsed time spent in this place.
 B = Non-inter-level travel time spent in this place.
 C = Inter-level travel time spent in this place.
 D = Time resting spent in this place.
 E = Time spent auto-exploring this place.
 F = Levels seen in this place.
 G = Mean time per level.
                   A        B        C        D        E       F      G
               +--------+--------+--------+--------+--------+-----+--------+
         Total |     66 |     66 |      0 |      0 |     42 |   1 |   66.0 |
       Dungeon |     66 |     66 |      0 |      0 |     42 |   1 |   66.0 |
               +--------+--------+--------+--------+--------+-----+--------+

Top non-repeatable levels by time:
     D:1: 66 daAuts
